 Dungeon Crawl Stone Soup version 0.21-a0-59-g7b0e191 (webtiles) character file.

330807 uglyjohn the Earth Mage (level 21, -16/140 HPs)
             Began as a Gargoyle Earth Elementalist on June 14, 2017.
             Was the Champion of Vehumet.
             Killed from afar by a quicksilver dragon (37 damage)
             ... with a bolt of dispelling energy
             ... on level 2 of the Depths on June 16, 2017.
             The game lasted 04:29:47 (66031 turns).

uglyjohn the Earth Mage (GrEE)                     Turns: 66031, Time: 04:29:49

Health: -16/140    AC: 40    Str: 13    XL:     21   Next: 75%
Magic:  26/46      EV: 12    Int: 25    God:    Vehumet [******]
Gold:   1341       SH:  0    Dex:  8    Spells: 4/44 levels left

rFire    + . .     SeeInvis +   b - staff of energy
rCold    . . .     Gourm    .   (no shield)
rNeg     + + +     Faith    .   B - +2 fire dragon scales
rPois    ∞         Spirit   .   K - +2 helmet {SInv}
rElec    +         Reflect  .   Z - +2 cloak {+Inv}
rCorr    .         Harm     .   w - +1 pair of gloves of Muttered Phrases {rN++ Str-2}
MR       +....                  (no boots)
Stlth    ..........             W - amulet "Hukh" {RegenMP rN++ Dex-2}
HPRegen  0.33/turn              j - ring of magical power
MPRegen  0.55/turn              h - ring of ice

@: flying
A: big wings, clever 1, negative energy resistance 1, sense surroundings 1,
robust 1, electricity resistance, unbreathing, petrification resistance, rot
immunity, AC +15
}: 2/15 runes: serpentine, barnacled
a: Stop Flying, Renounce Religion, Evoke Invisibility


You were on level 2 of the Depths.
You worshipped Vehumet.
Vehumet was exalted by your worship.
You were not hungry.

You visited 7 branches of the dungeon, and saw 34 of its levels.
You visited 1 bazaar.
You also visited: Volcano.

You collected 3331 gold pieces.
You spent 1990 gold pieces at shops.

Inventory:

Missiles
 X - 139 stones (quivered)
Armour
 w - the +1 pair of gloves of Muttered Phrases (worn) {rN++ Str-2}
   (You bought it in a shop on level 3 of the Snake Pit)

   It affects your strength (-2).
   It greatly protects you from negative energy.
 B - +2 fire dragon scales (worn)
 K - a +2 helmet of see invisible (worn)
 L - the +1 robe "Biryh" {rCorr Dex+2}
   (You bought it in a shop on level 8 of the Dungeon)

   It affects your dexterity (+2).
   It protects you from acid and corrosion.
 Z - a +2 cloak of invisibility (worn)
Magical Staves
 b - an uncursed staff of energy (weapon)
Jewellery
 h - a ring of ice (right hand)
 j - a ring of magical power (left hand)
 k - the ring "Guxkayp" {rPois rC- rN+++ Slay-3 SInv}
   (You found it on level 4 of the Shoals)

   [ring of poison resistance]

   It affects your accuracy and damage with ranged weapons and melee attacks
   (-3).
   It makes you vulnerable to cold.
   It protects you from poison.
   It renders you almost immune to negative energy.
   It lets you see invisible.
 s - an uncursed amulet of guardian spirit
 v - the amulet "Arphymp" {+Rage +Fly rF+ Dex-2}
   (You found it on level 1 of the Depths)

   [amulet of rage]

   It affects your dexterity (-2).
   It protects you from fire.
   It lets you fly.
   It lets you go berserk.
 z - an uncursed ring of protection from magic
 S - an uncursed ring of resist corrosion
 W - the amulet "Hukh" (around neck) {RegenMP rN++ Dex-2}
   (You bought it in a shop in a bazaar)

   [amulet of magic regeneration]

   It increases your magic regeneration.
   It affects your dexterity (-2).
   It greatly protects you from negative energy.
Wands
 c - a wand of acid (0/15)
 p - a wand of iceblast (7/15)
 q - a wand of iceblast (13/15)
 t - a wand of flame (24/48)
 G - a wand of clouds (0/9)
 H - a wand of iceblast (3/15)
 I - a wand of scattershot (0/9)
 U - a wand of flame (20/48)
 Y - a wand of digging (8/24)
Scrolls
 e - a scroll of enchant weapon
 g - 8 scrolls of fog
 l - 17 scrolls of remove curse
 m - 9 scrolls of amnesia
 o - 9 scrolls of teleportation
 r - 3 scrolls of enchant armour
 y - 2 scrolls of magic mapping
 D - 2 scrolls of identify
 E - 5 scrolls of recharging
Potions
 a - 3 potions of curing
 f - 4 potions of invisibility
 i - 4 potions of heal wounds
 u - 6 potions of agility
 A - a potion of cancellation
 F - 5 potions of mutation
 J - 2 potions of haste
 M - 2 potions of magic
 N - 5 potions of ambrosia
 P - 8 potions of brilliance
 Q - a potion of resistance
Miscellaneous
 x - a crystal ball of energy
Comestibles
 d - 16 bread rations
 n - 26 meat rations
 C - 17 fruits
 T - 9 royal jellies


   Skills:
 - Level 12.5 Fighting
 - Level 1.5 Staves
 + Level 14.6 Armour
 - Level 8.2 Dodging
 - Level 2.1 Stealth
 - Level 12.4 Spellcasting
 + Level 16.4 Conjurations
   Level 0.7 Transmutations
 - Level 11.8 Fire Magic
 - Level 7.0 Ice Magic
 - Level 20.3 Earth Magic
 - Level 13.1 Evocations


You had 4 spell levels left.
You knew the following spells:

 Your Spells              Type           Power        Failure   Level  Hunger
a - Sandblast             Erth           ######       0%          1    None
b - Stone Arrow           Conj/Erth      ######       0%          3    None
c - Dazzling Spray        Conj/Hex       ######       1%          3    None
d - Magic Dart            Conj           ####         0%          1    None
e - Lee's Rapid Deconstr  Erth           #######...   1%          5    None
f - Mephitic Cloud        Conj/Pois/Air  #####...     1%          3    None
g - Iron Shot             Conj/Erth      #######...   1%          6    None
h - Ensorcelled Hibernat  Hex/Ice        #####.       4%          2    None
i - Ignition              Fire           ######....   83%         8    None
j - Lehudib's Crystal Sp  Conj/Erth      #######...   13%         8    None


Dungeon Overview and Level Annotations

Branches:
Dungeon (15/15)            Temple (1/1) D:5            Lair (6/6) D:8
 Shoals (4/4) Lair:3        Snake (4/4) Lair:2        Slime (0/5) Lair:6
    Orc (2/2) D:12            Elf (0/3) Orc:2        Vaults (0/5) D:14
 Depths (2/5) D:15

Altars:
Ashenzari
Cheibriados
Dithmenos
Elyvilon
Fedhas
Gozag
Hepliaklqana
Kikubaaqudgha
Makhleb
Nemelex Xobeh
Okawaru
Qazlal
Ru
Sif Muna
Trog
Uskayaw
Vehumet
Wu Jian
Xom
Yredelemnul
Zin
The Shining One
Beogh

Shops:
D:8 [   D:9 =   D:11 :%%[   Orc:2 !**[   Snake:3 ([[}

Portals:
Hell: Depths:1 Depths:2
Abyss: Depths:1
Ziggurat: Depths:1
Trove: D:15 (give 14 potions of heal wounds)

Annotations:
D:6 cerealjynx's ghost, novice BaEE


Innate Abilities, Weirdness & Mutations

You are resistant to torment.
Your stone body is resilient. (AC +15)
You are immune to poison.
Your large and strong wings let you fly indefinitely.
You resist negative energy. (rN+)
You are resistant to electric shocks. (rElec)
You can survive without breathing.
You are immune to petrification.
You are immune to rotting.
Your mind is acute. (Int +2)
You passively map a small area around you.
You are robust. (+10% HP)


Message History

You hear a shout! x2; You hear a deafening roar!
The quicksilver dragon bites you but does no damage.
The quicksilver dragon claws you.
* * * LOW HITPOINT WARNING * * *
The vampire knight hits you with a dire flail!
* * * LOW HITPOINT WARNING * * *
The vampire knight barely misses you.
Unknown command.
Unknown command.
Casting: Lee's Rapid Deconstruction
Confirm with . or Enter, or press ? or * to list all spells.
Aiming: Iron Shot
Press: ? - help, Shift-Dir - straight line The iron shot misses the quicksilver dragon.
The quicksilver dragon bites you but does no damage.
The quicksilver dragon claws you but does no damage.
The vampire knight barely misses you. x2
The quicksilver dragon breathes dispelling energy at you.
The bolt of dispelling energy hits you!
You die...

.....## , , ,##......#
......## , , , ,,##.#.....#
.#.....## * , ##...#..###
..###...##, ** ##.......#
......[[.## , ##........#
#.....#...## , ,##.#....####
#.....#....##,* ##...#...#
#.....#.....## ##D......##
.#.....#..#..###@V#.....##
..###..#..#...#.....)....##
.#...#.#...............##.##
#.....#.############...##..#
.#....##########.....##....##
#.....#....##........##.....#
)#...#.#...##......##.......#
..###.....##.......##......##
[#.....#..#......##........#


You could see a quicksilver dragon and a vampire knight (invisible).

Vanquished Creatures
  A caustic shrike (Depths:2)
  Vashnia (Snake:2)
  2 liches (Depths:2)
  A tentacled monstrosity (Depths:2)
  A deep elf blademaster (Depths:2)
  2 acid blobs (Lair:6)
  2 sphinxes
  2 krakens
  Kirke (Shoals:2)
  2 tengu reavers (Depths:2)
  Ilsuiw (Shoals:4)
  A shadow dragon (Depths:2)
  A storm dragon (Depths:1)
  7 nagarajas
  2 frost giants
  3 fire giants
  A deep elf sorcerer (Depths:2)
  Aizul (Snake:4)
  An orc warlord (Orc:2)
  Louise (Snake:2)
  10 very ugly things
  7 stone giants
  2 caustic shrike skeletons (Depths:2)
  A vampire knight (Depths:1)
  2 entropy weavers (Depths:1)
  A dire elephant (Lair:6)
  6 merfolk impalers (Shoals:4)
  3 fire dragons
  6 merfolk javelineers
  4 great orbs of eyes
  Josephine (D:14)
  24 naga warriors
  Harold (Orc:1)
  3 rakshasas (Depths:1)
  2 yaktaur captains (Depths:2)
  3 ice dragons
  The ghost of cerealjynx the Protected, a journeyman MiFi of Hepliaklqana (Orc:2)
  A spriggan air mage (Depths:1)
  9 hydras
  4 catoblepae
  The ghost of cerealjynx the Cleaver, a novice NaFi of Gozag (D:10)
  4 merfolk aquamancers
  A death knight (D:13)
  3 merfolk avatars
  2 alligator snapping turtles
  13 anacondas
  6 ogre magi
  8 centaur warriors
  A two-headed ogre (shapeshifter) (Depths:1)
  3 deep troll earth magi (Depths:1)
  11 two-headed ogres
  Urug (Orc:1)
  6 tengu warriors
  3 vampire magi (Depths:1)
  9 shock serpents
  3 deep troll shamans (Depths:1)
  5 death yaks (Lair:6)
  3 spriggan berserkers
  23 naga sharpshooters
  A hell knight (Depths:2)
  2 iron trolls (Depths:1)
  A fire crab (shapeshifter) (Depths:2)
  2 unseen horrors
  4 salamander mystics
  5 skeletal warriors (D:15)
  14 sea snakes
  2 glowing orange brains
  4 deep trolls (Depths:1)
  13 naga ritualists
  A phantasmal warrior (D:14)
  3 lindwurms
  2 wizards
  11 mana vipers
  6 orc knights
  A lindwurm (shapeshifter) (Depths:1)
  A tengu zombie (Depths:1)
  4 necromancers
  16 harpies
  An orb spider (shapeshifter) (D:15)
  A shining eye (Lair:6)
  47 ugly things
  16 manticores
  4 oklob plants
  20 elephants
  14 cyclopes
  A deep elf mage (D:13)
  11 salamanders
  8 merfolk sirens
  2 water nymphs
  20 naga magi
  Maurice (Orc:2)
  3 centaur zombies
  47 black mambas
  11 guardian serpents
  13 spiny frogs
  A spriggan skeleton (Depths:1)
  2 spiny frogs (shapeshifter)
  3 gargoyles
  4 rime drakes
  A torpor snail (Lair:6)
  6 yaktaurs
  A rime drake (shapeshifter) (Depths:2)
  2 freezing wraiths (D:13)
  6 komodo dragons
  7 kobold demonologists
  An efreet (Volcano)
  4 tengu conjurers
  5 trolls
  A jumping spider (shapeshifter) (Depths:2)
  23 merfolk
  Prince Ribbit (D:6)
  A meliai (shapeshifter) (D:14)
  10 polar bears
  A raiju (shapeshifter) (D:14)
  5 hornets
  2 queen bees (Lair:3)
  16 wind drakes
  9 slime creatures
  6 blink frogs
  21 hippogriffs
  A slime creature (shapeshifter) (D:15)
  A raiju (Lair:6)
  7 snapping turtles
  11 dream sheep
  3 spriggans
  8 water elementals
  2 vampires (D:13)
  6 wraiths
  A redback (shapeshifter) (Depths:2)
  46 yaks
  8 air elementals (Depths:1)
  2 fire elementals (Volcano)
  A wyvern (shapeshifter) (D:14)
  A shadow (D:12)
  A tarantella (shapeshifter) (D:14)
  2 hungry ghosts
  9 basilisks
  5 wyverns
  9 vampire mosquitoes
  An elf skeleton (Depths:1)
  11 wargs
  2 soldier ants
  A warg (shapeshifter) (Depths:1)
  90 nagas
  18 insubstantial wisps (Depths:1)
  12 hell hounds (Lair:6)
  14 water moccasins
  6 porcupines
  45 orc warriors
  11 black bears (Lair:6)
  26 ogres
  A black bear (shapeshifter) (Depths:2)
  9 ice beasts
  2 phantoms
  4 sky beasts
  A deep troll simulacrum (Depths:1)
  44 wolves
  An ogre (shapeshifter) (Depths:2)
  5 necrophages
  11 boggarts
  23 centaurs
  12 crocodiles
  21 bullfrogs
  5 big kobolds
  A water moccasin zombie (D:10)
  58 killer bees
  4 scorpions
  4 howler monkeys
  12 wights
  2 electric eels (D:12)
  2 bullfrog zombies
  7 crimson imps
  A quasit (D:10)
  7 hounds
  3 jellies
  15 orc priests
  9 centaur skeletons
  25 orc wizards
  2 bullfrog skeletons
  2 iguanas (D:14)
  Natasha (twice) (D:3)
  9 worker ants
  A hound zombie (D:5)
  A hound skeleton (D:7)
  A howler monkey zombie (D:6)
  2 worker ant zombies
  7 gnolls
  A howler monkey skeleton (D:9)
  19 adders
  A shadow imp (D:13)
  An ooze (D:2)
  2 adder skeletons
  4 worms
  7 ball lightnings (Depths:1)
  5 dart slugs
  5 leopard geckos
  87 orcs
  9 bats
  6 giant cockroaches
  A hobgoblin (D:1)
  17 jackals
  31 kobolds
  7 quokkas
  A frilled lizard (D:1)
  5 goblins
  A jackal zombie (D:5)
  A quokka skeleton (D:5)
  7 rats
  3 plants
  3 tentacles (Shoals:4)
1584 creatures vanquished.

Vanquished Creatures (collateral kills)
  A raiju (Lair:6)
  A warg (Lair:6)
  A hell hound (Lair:6)
  A wolf (Lair:6)
4 creatures vanquished.

Vanquished Creatures (others)
  A human (D:5)
  An ogre (Depths:1)
  A wolf (Lair:3)
  A bullfrog (D:15)
  3 ball lightnings (Depths:1)
  An orc (Orc:2)
  A bush (Lair:2)
  22 fungi
  33 plants
  11 tentacles
  10 toadstools (Lair:4)
85 creatures vanquished.

Grand Total: 1673 creatures vanquished

Notes
Turn   | Place    | Note
-------+----------+-------------------------------------------
     0 | D:1      | uglyjohn the Gargoyle Earth Elementalist began the quest for the Orb.
     0 | D:1      | Reached XP level 1. HP: 10/10 MP: 3/3
   598 | D:1      | Reached skill level 4 in Earth Magic
   598 | D:1      | Reached XP level 2. HP: 15/15 MP: 5/5
  1144 | D:1      | Reached XP level 3. HP: 19/19 MP: 6/6
  1212 | D:1      | Learned a level 3 spell: Stone Arrow
  1609 | D:2      | Reached skill level 5 in Earth Magic
  1853 | D:2      | Reached XP level 4. HP: 24/24 MP: 7/7
  1968 | D:2      | Reached skill level 6 in Earth Magic
  1984 | D:2      | Reached XP level 5. HP: 4/28 MP: 0/8
  2479 | D:2      | Found a white marble altar of Elyvilon.
  3203 | D:3      | Found a hazy altar of Hepliaklqana.
  3262 | D:3      | Reached skill level 7 in Earth Magic
  3331 | D:3      | Noticed Natasha
  3334 | D:3      | Killed Natasha
  3480 | D:3      | Found a shattered altar of Ashenzari.
  3630 | D:3      | Reached XP level 6. HP: 32/32 MP: 9/9
  3748 | D:3      | Noticed Natasha
  3751 | D:3      | Killed Natasha
  3751 | D:3      | Reached skill level 1 in Conjurations
  4410 | D:4      | Reached XP level 7. HP: 26/36 MP: 10/10
  4592 | D:4      | Reached skill level 5 in Conjurations
  4787 | D:5      | Entered Level 5 of the Dungeon
  5194 | D:5      | Found a staircase to the Ecumenical Temple.
  5272 | D:5      | Reached XP level 8. HP: 41/41 MP: 11/11
  5680 | D:5      | Found an ancient bone altar of Kikubaaqudgha.
  5902 | D:6      | Found a basalt altar of Yredelemnul.
  5904 | D:6      | Noticed a profane servitor
  5909 | D:6      | Found a glowing golden altar of the Shining One.
  6154 | D:6      | Noticed cerealjynx's ghost (novice BaEE)
  6240 | D:6      | Reached skill level 10 in Conjurations
  6292 | D:6      | Found a shimmering altar of Xom.
  6298 | D:6      | Found a burning altar of Makhleb.
  6317 | D:6      | Found an opulent altar of Gozag.
  6389 | D:6      | Noticed Prince Ribbit
  6391 | D:6      | Reached XP level 9. HP: 15/45 MP: 8/12
  6414 | D:6      | HP: 2/45 [Prince Ribbit (7)]
  6889 | D:6      | Found an ornate altar of the Wu Jian Council.
  7023 | Temple   | Entered the Ecumenical Temple
  7078 | Temple   | Became a worshipper of Vehumet
  7188 | D:6      | Killed Prince Ribbit
  7498 | D:6      | Noticed an angel
  8741 | D:7      | Learned a level 3 spell: Dazzling Spray
  8800 | D:7      | Reached skill level 8 in Earth Magic
  9307 | D:7      | Reached skill level 1 in Fighting
  9307 | D:7      | Reached skill level 1 in Evocations
  9618 | D:8      | Found a shadowy altar of Dithmenos.
  9660 | D:8      | Found a staircase to the Lair.
  9858 | D:8      | Found Xupsie's Antique Armour Shoppe.
  9866 | D:8      | Bought a brightly glowing robe for 142 gold pieces
  9876 | D:8      | Identified the +1 robe "Biryh" {rCorr Dex+2} (You bought it in a shop on level 8 of the Dungeon)
  9982 | D:8      | Reached XP level 10. HP: 34/56 MP: 13/13
 10750 | D:9      | Found Zibiheto's Jewellery Emporium.
 10760 | D:9      | Bought a cursed ring of loudness for 67 gold pieces
 10769 | D:9      | Noticed a two-headed ogre
 10772 | D:9      | Killed a two-headed ogre
 10772 | D:9      | Reached skill level 5 in Fighting
 11035 | D:9      | Reached * piety under Vehumet
 11035 | D:9      | Offered knowledge of Magic Dart by Vehumet.
 11038 | D:9      | Learned a level 1 spell: Magic Dart
 11385 | D:9      | Reached skill level 5 in Evocations
 12362 | D:10     | Entered Level 10 of the Dungeon
 12404 | D:10     | Learned a level 5 spell: Lee's Rapid Deconstruction
 12411 | D:10     | Reached ** piety under Vehumet
 12513 | D:10     | Offered knowledge of Throw Frost by Vehumet.
 12770 | D:10     | Noticed a gargoyle
 12896 | D:10     | Killed a gargoyle
 12896 | D:10     | Reached XP level 11. HP: 54/64 MP: 7/17
 13084 | D:10     | Noticed a two-headed ogre
 13084 | D:10     | Reached skill level 5 in Spellcasting
 13089 | D:10     | Killed a two-headed ogre
 13332 | D:10     | Noticed cerealjynx's ghost (novice NaFi)
 13418 | D:10     | Identified a scroll of acquirement
 13436 | D:10     | Killed cerealjynx's ghost
 13814 | D:11     | Noticed a two-headed ogre
 13850 | D:11     | Killed a two-headed ogre
 13998 | D:11     | Found Bamiur's Armour Shop.
 14000 | D:11     | Found Soma Ops's Food Shoppe.
 14005 | D:11     | Bought a +1 helmet of see invisible for 214 gold pieces
 14110 | D:11     | Found Cauh's Book Shoppe.
 14126 | D:11     | Found Vekar's Food Shoppe.
 14198 | D:11     | Offered knowledge of Searing Ray by Vehumet.
 14342 | D:11     | Reached *** piety under Vehumet
 14606 | D:11     | Upgraded the game from 0.21-a0-55-gb612c23 to 0.21-a0-56-g828620c
 14704 | D:11     | Noticed an unseen horror
 14710 | D:11     | Killed an unseen horror
 14710 | D:11     | Offered knowledge of Airstrike by Vehumet.
 14955 | D:11     | Reached XP level 12. HP: 52/70 MP: 23/23
 15454 | D:12     | Noticed a soul eater
 15770 | D:12     | Reached **** piety under Vehumet
 16352 | D:12     | Reached skill level 10 in Evocations
 16752 | D:12     | Offered knowledge of Mephitic Cloud by Vehumet.
 16757 | D:12     | Learned a level 3 spell: Mephitic Cloud
 17132 | D:12     | Found a staircase to the Orcish Mines.
 17309 | D:12     | Reached skill level 9 in Earth Magic
 17446 | Lair:1   | Entered Level 1 of the Lair of Beasts
 18297 | Lair:1   | Reached skill level 10 in Earth Magic
 18472 | Lair:1   | Reached skill level 11 in Earth Magic
 19018 | Lair:2   | Reached XP level 13. HP: 74/74 MP: 26/26
 19048 | Lair:2   | Reached skill level 12 in Earth Magic
 19502 | Lair:2   | Found a staircase to the Snake Pit.
 20174 | Lair:3   | Found a staircase to the Shoals.
 20465 | Lair:3   | Reached ***** piety under Vehumet
 20481 | Lair:3   | Reached skill level 5 in Dodging
 20767 | Lair:3   | Offered knowledge of Lightning Bolt by Vehumet.
 22876 | Lair:4   | Gained mutation: Your large and strong wings let you fly indefinitely. [Gargoyle growth]
 22876 | Lair:4   | Reached XP level 14. HP: 30/82 MP: 4/27
 23327 | Lair:4   | Offered knowledge of Iskenderun's Mystic Blast by Vehumet.
 23535 | Lair:4   | Found a blossoming altar of Fedhas.
 24700 | Lair:5   | Reached skill level 10 in Fighting
 25575 | Lair:6   | Entered Level 6 of the Lair of Beasts
 26351 | Lair:2   | Reached skill level 1 in Staves
 28012 | Lair:6   | Reached skill level 13 in Earth Magic
 28184 | Lair:6   | Reached skill level 10 in Spellcasting
 28368 | Lair:6   | Offered knowledge of Irradiate by Vehumet.
 28372 | Lair:6   | Gained mutation: Your body sometimes deteriorates upon taking damage. [a shining eye]
 28414 | Lair:6   | Noticed an acid blob
 28437 | Lair:6   | Killed an acid blob
 28610 | Lair:6   | Found a staircase to the Slime Pits.
 28664 | Lair:6   | Reached XP level 15. HP: 95/95 MP: 18/29
 28806 | Lair:6   | Reached skill level 14 in Earth Magic
 29277 | Lair:6   | Got a warped robe
 29831 | Lair:6   | Noticed an acid blob
 29836 | Lair:6   | Killed an acid blob
 30027 | Lair:6   | Identified the +2 robe of Instinct {+Inv Str+2} (You found it on level 6 of the Lair of Beasts)
 30418 | D:12     | Reached skill level 15 in Earth Magic
 30527 | Orc:1    | Entered Level 1 of the Orcish Mines
 30537 | Orc:1    | Noticed Urug
 30554 | Orc:1    | Killed Urug
 30629 | Orc:1    | Found a dark tunnel.
 30638 | Volcano  | Entered a volcano
 31666 | Orc:2    | Entered Level 2 of the Orcish Mines
 31673 | Orc:2    | Found a staircase to the Elven Halls.
 31679 | Orc:1    | Noticed Maurice
 31679 | Orc:1    | Noticed Harold
 31689 | Orc:2    | Killed Maurice
 31848 | Orc:2    | Noticed cerealjynx's ghost (journeyman MiFi)
 31854 | Orc:2    | Killed cerealjynx's ghost
 32181 | Orc:2    | Reached skill level 1 in Armour
 32187 | Orc:2    | Offered knowledge of Bolt of Cold by Vehumet.
 32479 | Orc:1    | Killed Harold
 32649 | Orc:1    | Found a roughly hewn altar of Beogh.
 33177 | Orc:2    | Found Famumoywu's Assorted Antiques.
 33177 | Orc:2    | Found Sianwimn's Armour Boutique.
 33192 | Orc:2    | Bought a scroll labeled LIDEPYMPOEG for 23 gold pieces
 33472 | Orc:2    | Found a roughly hewn altar of Beogh.
 33511 | Orc:2    | Found Ruryuh's Distillery.
 33511 | Orc:2    | Found Lida's General Store.
 33527 | Orc:2    | Bought a potion of ambrosia for 96 gold pieces
 33527 | Orc:2    | Bought a potion of heal wounds for 60 gold pieces
 33527 | Orc:2    | Bought a potion of heal wounds for 60 gold pieces
 33527 | Orc:2    | Bought a potion of heal wounds for 60 gold pieces
 33527 | Orc:2    | Bought a potion of heal wounds for 60 gold pieces
 33527 | Orc:2    | Bought a potion of curing for 36 gold pieces
 33527 | Orc:2    | Bought a potion of heal wounds for 60 gold pieces
 33752 | Orc:2    | Noticed an orc warlord
 33797 | Orc:2    | Killed an orc warlord
 34238 | D:13     | Reached XP level 16. HP: 100/100 MP: 26/32
 34788 | D:13     | Reached skill level 5 in Armour
 35190 | D:13     | Offered knowledge of Iron Shot by Vehumet.
 35218 | D:13     | Learned a level 6 spell: Iron Shot
 37311 | D:14     | Noticed Josephine
 37322 | D:14     | Killed Josephine
 37681 | D:14     | Found a gate to the Vaults.
 37758 | D:14     | Learned a level 2 spell: Ensorcelled Hibernation
 37881 | D:14     | Reached skill level 1 in Ice Magic
 37888 | D:14     | Found an iron altar of Okawaru.
 37965 | D:15     | Entered Level 15 of the Dungeon
 38379 | D:14     | Gained mutation: You have sharp toenails. [mutagenic meat]
 38380 | D:14     | Gained mutation: You have a pair of small horns on your head. [mutagenic meat]
 38381 | D:14     | Gained mutation: You have a somewhat thin skeletal structure. (Dex +2, Stealth) [mutagenic meat]
 38382 | D:14     | Gained mutation: You can translocate small distances at will. [mutagenic meat]
 38383 | D:14     | Gained mutation: Scrolls take you a little longer to read. [mutagenic meat]
 38384 | D:14     | Gained mutation: You have a pair of horns on your head. [mutagenic meat]
 38385 | D:14     | Gained mutation: You are clumsy. (Dex -2) [mutagenic meat]
 38388 | D:14     | Lost mutation: Your body sometimes deteriorates upon taking damage. [potion of mutation]
 38388 | D:14     | Lost mutation: You have a somewhat thin skeletal structure. (Dex +2, Stealth) [potion of mutation]
 38388 | D:14     | Lost mutation: You are clumsy. (Dex -2) [potion of mutation]
 38388 | D:14     | Lost mutation: You have a pair of horns on your head. [potion of mutation]
 38388 | D:14     | Gained mutation: You are occasionally teleported next to monsters. [potion of mutation]
 38388 | D:14     | Lost mutation: Scrolls take you a little longer to read. [potion of mutation]
 38389 | D:14     | Lost mutation: You have a pair of small horns on your head. [potion of mutation]
 38389 | D:14     | Lost mutation: You are occasionally teleported next to monsters. [potion of mutation]
 38389 | D:14     | Lost mutation: You have sharp toenails. [potion of mutation]
 38389 | D:14     | Lost mutation: You can translocate small distances at will. [potion of mutation]
 38389 | D:14     | Gained mutation: You are robust. (+10% HP) [potion of mutation]
 38389 | D:14     | Gained mutation: You passively map a small area around you. [potion of mutation]
 38389 | D:14     | Gained mutation: Your mind is acute. (Int +2) [potion of mutation]
 38819 | D:15     | Offered knowledge of Conjure Ball Lightning by Vehumet.
 38828 | D:15     | Upgraded the game from 0.21-a0-56-g828620c to 0.21-a0-59-g7b0e191
 39027 | D:15     | Found a portal to a secret trove of treasure.
 39049 | D:15     | Learned a level 8 spell: Ignition
 39096 | D:15     | Reached skill level 1 in Fire Magic
 39811 | D:15     | Found a staircase to the Depths.
 40044 | D:15     | Reached skill level 5 in Ice Magic
 40546 | D:15     | Reached XP level 17. HP: 118/118 MP: 33/33
 41164 | Shoals:1 | Entered Level 1 of the Shoals
 41807 | Shoals:1 | Reached skill level 5 in Fire Magic
 43348 | Shoals:2 | Found a flickering gateway to a bazaar.
 43360 | Bazaar   | Entered a bazaar
 43360 | Bazaar   | Found Xynen's General Store.
 43360 | Bazaar   | Found Ihyifank's Jewellery Shoppe.
 43360 | Bazaar   | Found Kiopos's Weapon Shop.
 43360 | Bazaar   | Found Odimmeb's Gadget Shoppe.
 43362 | Bazaar   | Found Kostruh's Assorted Antiques.
 43362 | Bazaar   | Found Maotzu's Antique Armour Shop.
 43364 | Bazaar   | Bought the amulet "Hukh" {RegenMP rN++ Dex-2} for 389 gold pieces
 43374 | Bazaar   | Bought a potion of heal wounds for 90 gold pieces
 43385 | Bazaar   | Bought a scroll of teleportation for 72 gold pieces
 43388 | Bazaar   | Bought a crystal ball of energy for 200 gold pieces
 43424 | Shoals:2 | Noticed Kirke
 43429 | Shoals:2 | Killed Kirke
 44046 | Shoals:2 | Reached ****** piety under Vehumet
 44305 | Shoals:2 | Offered knowledge of Ozocubu's Refrigeration by Vehumet.
 44982 | Shoals:3 | Noticed a kraken
 44992 | Shoals:3 | Killed a kraken
 45722 | Shoals:4 | Entered Level 4 of the Shoals
 46279 | Shoals:4 | Found a hazy altar of Hepliaklqana.
 46518 | Shoals:4 | Got a smoking silver ring
 46527 | Shoals:4 | Identified the ring "Guxkayp" {rPois rC- rN+++ Slay-3 SInv} (You found it on level 4 of the Shoals)
 46675 | Shoals:4 | Reached skill level 16 in Earth Magic
 46857 | Shoals:4 | Reached XP level 18. HP: 80/123 MP: 22/34
 47180 | Shoals:4 | Got a barnacled rune of Zot
 47325 | Shoals:4 | Noticed Ilsuiw
 47706 | Shoals:4 | Killed Ilsuiw
 48127 | Shoals:4 | Reached skill level 17 in Earth Magic
 48538 | Snake:1  | Entered Level 1 of the Snake Pit
 49521 | Snake:1  | Reached skill level 15 in Conjurations
 50029 | Snake:2  | Offered knowledge of Lehudib's Crystal Spear by Vehumet.
 50029 | Snake:2  | Offered knowledge of Fire Storm by Vehumet.
 50029 | Snake:2  | Offered knowledge of Glaciate by Vehumet.
 50352 | Snake:2  | Noticed Vashnia
 50388 | Snake:2  | Killed Vashnia
 50438 | Snake:2  | Noticed Louise
 50449 | Snake:2  | Killed Louise
 50640 | Snake:2  | Reached skill level 10 in Armour
 51781 | Snake:3  | Reached skill level 10 in Fire Magic
 51785 | Snake:3  | Reached XP level 19. HP: 128/128 MP: 15/35
 52636 | Snake:3  | Found Nauz's Antique Armour Boutique.
 52636 | Snake:3  | Found Tucs's Antique Armour Shop.
 52637 | Snake:3  | Found Garyh's Gadget Boutique.
 52641 | Snake:3  | Found Linac's Antique Weapon Shop.
 52644 | Snake:3  | Bought a pair of jewelled gloves for 361 gold pieces
 52658 | Snake:3  | Identified the +1 pair of gloves of Muttered Phrases {rN++ Str-2} (You bought it in a shop on level 3 of the Snake Pit)
 53025 | Snake:2  | Learned a level 8 spell: Lehudib's Crystal Spear
 53547 | Snake:4  | Entered Level 4 of the Snake Pit
 53597 | Snake:4  | Noticed Aizul
 53608 | Snake:4  | Killed Aizul
 54271 | Snake:4  | Found a radiant altar of Vehumet.
 56798 | Snake:4  | Reached XP level 20. HP: 125/135 MP: 31/36
 56965 | Snake:4  | Reached skill level 18 in Earth Magic
 57645 | Snake:4  | Got a serpentine rune of Zot
 58045 | Depths:1 | Entered Level 1 of the Depths
 58667 | D:15     | Reached skill level 19 in Earth Magic
 59076 | Depths:1 | Found a one-way gate to the infinite horrors of the Abyss.
 59316 | Depths:1 | Found a gateway to Hell.
 59443 | Depths:1 | Found a gateway to a ziggurat.
 61684 | Depths:1 | Paralysed by a sphinx for 3 turns
 62627 | Depths:1 | Got a steaming copper amulet
 62742 | Depths:2 | Reached skill level 20 in Earth Magic
 62761 | Depths:1 | Reached XP level 21. HP: 79/140 MP: 37/37
 64846 | Depths:1 | Identified the amulet "Arphymp" {+Rage +Fly rF+ Dex-2} (You found it on level 1 of the Depths)
 66001 | Depths:2 | Noticed a caustic shrike
 66004 | Depths:2 | Noticed a caustic shrike
 66015 | Depths:2 | Killed a caustic shrike
 66023 | Depths:2 | HP: 6/140 [quicksilver dragon/bolt of dispelling energy (39)]
 66031 | Depths:2 | Killed from afar by a quicksilver dragon

Vault maps used:
D:1:      dpeg_arrival_shelter, amethyst_killhole
D:2:      lemuel_coloured_pillars_altar, first_bread
D:3:      nicolae_overflow_hidden_temple, cheibrodos_ashenzari_chains,
          minivault_24, uniq_natasha
D:5:      minmay_temple_entry_from_below_a, tgw_kikubaaqudgha
D:6:      grunt_temple_overflow_champion_of_chaos,
          grunt_temple_overflow_holy_war, lemuel_doored_altar,
          marbit_many_paths, uniq_prince_ribbit1
D:8:      grunt_dithmenos_smoke_and_mirrors, dpeg_oklobed_lair, serial_shops,
          shop
D:9:      serial_shops, shop, hangedman_fish_farm
D:11:     serial_shops, shop_statue, shop, shop_statue, shop,
          serial_co_window_serial, co_window_corner_a, co_window_corner_a,
          co_window_corner_a, co_window_paths_a, co_window_corner_a,
          co_window_of_opportunity_b, co_window_of_opportunity_b,
          co_window_corner_cb, co_window_corner_ca, glass_columns_c,
          glass_columns_b, minmay_misc_feat_ornament
D:12:     erik_orc_2
D:14:     david_vaults_4, okawaru_ov_weapons_minmay, uniq_josephine
D:15:     grunt_enter_depths_hoard, nicolae_trove_entry_free_sample,
          roderic_lattice_a
Temple:   minmay_temple_bridge_abc
Lair:2:   guppyfry_snake_entry_garden, patterned_corridor, grunt_megastairs_4
Lair:3:   regret_index_combs_of_tragedy, minmay_shoals_entry_lonely_mermaid,
          special_room, st_stairs_11
Lair:4:   tgw_fedhas
Lair:6:   hangedman_lair_caniforms_friends, hangedman_lair_in_review,
          dpeg_slime_entry_corner
Shoals:1: nicolae_shoals_this_corrosion
Shoals:2: serial_shops, bzr_entry_water, st_shoals_ruin, uniq_kirke
Shoals:4: shoals_end_hangedman, shoals_ilsuiw_ice, lemuel_oklob_altar
Snake:1:  spider_trap
Snake:2:  grunt_ministairs_14, uniq_louise, uniq_vashnia
Snake:3:  basic_stair_grate_trap, minmay_shoptagon
Snake:4:  johnstein_snake_rune_scales, basic_altar, uniq_aizul
Orc:1:    basic_altar, nicolae_volcano_entry_lava_flow, uniq_urug, uniq_maurice,
          uniq_harold
Orc:2:    st_orc_town
Depths:1: enter_ziggurat_f, abyss_entry, serial_sigils_hangedman_quiver,
          hell_entry, aerie_lemuel, grunt_megastairs_3
Depths:2: hangedman_pleasuredromes, hell_entry
Bazaar:   bazaar_minmay_generic_island
Volcano:  volcano_pools

Skill      XL: |  1  2  3  4  5  6  7  8  9 10 11 12 13 14 15 16 17 18 19 20 21 |
---------------+----------------------------------------------------------------+-----
Earth Magic    | 4 5 6 7 8 11 12 13 15 16 17 20 | 20.3
Conjurations   | 4 7 10 11 12 13 15 16 | 16.4
Fighting       | 3 6 7 11 12 | 12.5
Evocations     | 2 6 9 10 13 | 13.1
Spellcasting   | 4 7 9 10 12 | 12.4
Dodging        | 8 |  8.2
Staves         | 1 |  1.5
Armour         | 4 7 10 12 14 | 14.6
Ice Magic      | 5 7 |  7.0
Fire Magic     | 3 9 10 11 | 11.8
Stealth        | |  2.1
Transmutations | |  0.7

Action                   |  1- 3 |  4- 6 |  7- 9 | 10-12 | 13-15 | 16-18 | 19-21 || total
-------------------------+-------+-------+-------+-------+-------+-------+-------++-------
Melee: Mace              |    57 |     6 |     5 |       |       |       |       ||    68
       Staff             |       |       |     4 |     9 |   136 |   219 |    19 ||   387
Throw: Stone             |       |       |     1 |       |     1 |       |       ||     2
 Cast: Sandblast         |    36 |    52 |   120 |   141 |   218 |    93 |    52 ||   712
       Stone Arrow       |       |    35 |    69 |   258 |   663 |   588 |   256 ||  1869
       Dazzling Spray    |       |       |       |     1 |     1 |    25 |    13 ||    40
       Lee's Rapid Decon |       |       |       |     9 |    43 |    60 |   124 ||   236
       Magic Dart        |       |       |       |    17 |    31 |    16 |    43 ||   107
       Mephitic Cloud    |       |       |       |     3 |    13 |     6 |       ||    22
       Iron Shot         |       |       |       |       |       |   378 |   558 ||   936
       Ensorcelled Hiber |       |       |       |       |       |     2 |       ||     2
 Abil: Fly               |       |       |       |       |     1 |       |       ||     1
Evoke: Wand              |       |       |     1 |     2 |     3 |    22 |     9 ||    37
       Staff of energy   |       |       |       |     3 |    29 |    87 |    83 ||   202
       Crystal ball of e |       |       |       |       |       |   127 |   106 ||   233
  Use: Scroll            |       |     5 |     3 |    14 |    16 |     5 |    10 ||    53
       Potion            |       |       |     2 |       |     2 |    10 |    13 ||    27
 Stab: Petrified         |       |       |       |       |     1 |       |       ||     1
  Eat: Chunk             |     4 |    13 |    19 |    19 |    43 |    45 |    15 ||   158
       Royal jelly       |       |       |     2 |     1 |     2 |     9 |     7 ||    21
       Fruit             |       |       |       |     1 |       |     6 |     5 ||    12
       Meat ration       |       |       |       |     1 |       |       |     1 ||     2
       Bread ration      |       |       |       |       |       |       |     2 ||     2
Armor: Robe              |    30 |     9 |    25 |    66 |   215 |       |    59 ||   404
       Scale mail        |       |       |       |       |    50 |   370 |       ||   420
       Fire dragon scale |       |       |       |       |       |   490 |   703 ||  1193
Dodge: Dodged            |    58 |    19 |    60 |    95 |   373 |   584 |   436 ||  1625
